 Dungeon Crawl Stone Soup version 0.31-a0-1008-g5b978da (webtiles) character file.

Game seed: 12470315467751079603

8828 Goosegoat the Grappler (level 11, -4/86 HPs)
             Began as a Demonspawn Shapeshifter on Nov 12, 2023.
             Was an Elder of Okawaru.
             Killed from afar by an ice statue (18 damage)
             ... with a bolt of cold
             ... in an ice cave.
             The game lasted 00:31:24 (11106 turns).

Goosegoat the Grappler (Demonspawn Shapeshifter)   Turns: 11106, Time: 00:31:24

Health: -4/86      AC: 12    Str: 18    XL:     11   Next: 15%
Magic:  11/11      EV:  8    Int: 12    God:    Okawaru [****..]
Gold:   1681       SH:  4    Dex: 13    Spells: 10/10 levels left

rFire   + .          .
                       - Unarmed
rCold   + . .        (no shield)
rNeg    . . .        B - +2 chain mail {rF+}
rPois   .            (helmet currently unavailable)
rElec   .            (cloak currently unavailable)
rCorr   .            (gloves currently unavailable)
SInv    .            (boots currently unavailable)
Will    .....        k - amulet of the acrobat Stlth
                     o - +4 ring of slaying
HPRegen 0.34/turn    m - ring of protection from cold
MPRegen 0.12/turn

%: acrobat
@: mighty, beast-form
A: beast (slay +4), claws 2, horns 1, condensation shield, weakness stinger 1
a: Begin Untransformation, Renounce Religion, Heroism, Finesse


You were in an ice cave.
You worshipped Okawaru.
Okawaru was greatly pleased with you.
You were a hulking beast.
You visited 2 branches of the dungeon, and saw 12 of its levels.
You also visited: Sewer and Ice Cave.

You collected 2418 gold pieces.
You spent 737 gold pieces at shops.

Inventory:

Missiles
 q - 3 throwing nets
Armour
 p - a +1 leather armour of poison resistance
 w - +0 steam dragon scales
 B - a +2 chain mail of fire resistance (worn)
 H - the +0 plate armour "Satoseece" {Will++ Str+4 Int-3}
   (You bought it in a shop on level 9 of the Dungeon)

   Str+4:     It affects your strength (+4).
   Int-3:     It affects your intelligence (-3).
   Will++:    It greatly increases your willpower.
 I - an orb of mayhem
 K - a scarf of invisibility
 N - +0 acid dragon scales
Jewellery
 e - a +6 ring of strength
 k - an amulet of the acrobat (around neck)
 m - a ring of protection from cold (right claw)
 o - a +4 ring of slaying (left claw)
 s - a +6 ring of intelligence
 u - a ring of poison resistance
Talismans
 c - a beast talisman (active)
 d - a flux talisman
 D - a blade talisman
 E - a maw talisman
Wands
 x - a wand of flame (18)
 y - a wand of paralysis (8)
 C - a wand of roots (1)
Scrolls
 a - a scroll of vulnerability {unknown}
 f - 4 scrolls of teleportation
 g - 5 scrolls of blinking
 i - 2 scrolls of revelation
 j - 2 scrolls of fog
 n - a scroll of brand weapon
 r - 3 scrolls of amnesia
 t - a scroll of summoning
 v - a scroll of poison
 F - a scroll of identify
 L - a scroll of immolation {unknown}
Potions
 b - 6 potions of lignification
 h - 2 potions of might
 l - a potion of mutation
 z - a potion of brilliance
 A - 2 potions of degeneration
 G - a potion of haste {unknown}
 J - a potion of ambrosia {unknown}
 M - a potion of curing {unknown}


   Skills:
 + Level 7.9 Fighting
 + Level 7.0 Armour
 - Level 2.0 Dodging
 * Level 10.5 Unarmed Combat
 + Level 7.1 Shapeshifting


You had 10 spell levels left.
You didn't know any spells.
Your spell library contained the following spells:

 Spells                   Type           Power      Damage    Failure   Level
 Sublimation of Blood     Necr           0%         N/A       98%         2
 Wereblood                Tmut           0%         N/A       98%         2
 Dazzling Flash           Conj/Hex       0%         N/A       100%        3
 Ignite Poison            Fire/Tmut/Pois 0%         N/A       100%        3
 Volatile Blastmotes      Fire/Tloc      0%         2d10      100%        3
 Sticky Flame             Conj/Fire      0%         2d3       100%        4
 Starburst                Conj/Fire      0%         6d3       100%        6
 Ignition                 Fire           0%         3d3       100%        8
 Maxwell's Capacitive Co  Air            0%         ∞         100%        8
 Summon Hydra             Summ           Unusable   N/A       N/A         7

Dungeon Overview and Level Annotations

Branches:
Dungeon (11/15)            Temple (1/1) D:4           Sewer (visited)
  IceCv (1/1)
   Lair: D:8-11         Orc: D:9-12

Altars:
Ashenzari
Cheibriados
Dithmenos
Fedhas
Gozag
Hepliaklqana
Kikubaaqudgha
Makhleb
Nemelex Xobeh
Okawaru
Qazlal
Ru
Sif Muna
Trog
Uskayaw
Vehumet
Wu Jian
Xom
Yredelemnul

Shops:
D:9 [

Annotations:
D:4 3 runed translucent doors, Dorkslayer's ghost, amateur OgFi IceCv 1 transporter, exclusion: 2 ice statues


Innate Abilities, Weirdness & Mutations

You are a hulking beast.
Your limbs bulge with bestial killing power. (Slay +4)
You have very sharp fingernails.
You have a pair of small horns on your head.
A meltable shield of frost defends you. (SH +4)
You have a small tail.


Message History

Found a slimy scale mail, a glowing spear and a scroll of teleportation.
f - 4 scrolls of teleportation (gained 1)
Found three items.
Marking area around 2 ice statues as unsafe for travelling.
You now have 1646 gold pieces (gained 7).
You see here 8 stones.
You now have 1681 gold pieces (gained 35).
g - 5 scrolls of blinking (gained 1)
You start putting on your amulet.
You continue putting on your amulet of the acrobat. x5
You finish putting on your amulet of the acrobat.
You feel ready to tumble and roll out of harm's way.
k - an amulet of the acrobat (around neck)
Found an ice covered gate leading back out of this place.
Found a transporter.
There is a transporter landing site here.
There is a transporter here.
You enter the transporter and appear at another place.
The white ugly thing trunk-slaps you. The white ugly thing freezes you!
You resist. The ice statue gestures at you. The shard of ice hits you!!
You partially resist.
Aiming: Paralyse
Press: ? - help, Q - select action, (/) - cycle Shift-Dir - straight line, f - white ugly thing
Aim: a white ugly thing (chance to affect: 31%)
The white ugly thing easily resists.
The white ugly thing trunk-slaps you. The white ugly thing freezes you!
You resist.
You closely miss the white ugly thing. The white ugly thing misses you.
You barely miss the white ugly thing.
You headbutt the white ugly thing, but do no damage.
You block the white ugly thing's attack.
The ice statue gestures at you. The shard of ice hits you!!
You partially resist.
* * * LOW HITPOINT WARNING * * *
You feel very mighty all of a sudden.
The white ugly thing trunk-slaps you but does no damage.
The ice statue gestures at you. The bolt of cold hits you!! You resist.
You die...

###############
#©..8.)!}.8..∩#
#.....[)?.....#
#8.........8#
#8...u...8#
#8..h..8#
###########
##...8©8...##
#.....©.....#
##.....(.....##
#.............#
#....8...8....#
#.............#
##...........##


You could see 2 ice statues and a white ugly thing.

Vanquished Creatures
  2 two-headed ogres
  Pikel (D:9)
  A gargoyle (D:10)
  Jeremiah (D:9)
  2 rime drakes (D:11)
  A freezing wraith (IceCv)
  A troll (D:10)
  2 vampires
  4 yaks (D:9)
  2 wyverns (D:9)
  Grum (D:11)
  A steam dragon (D:6)
  2 death yak simulacra (IceCv)
  An acid dragon (D:11)
  2 water moccasins
  2 orc warriors
  2 ice beasts
  A black bear (D:8)
  An ogre (D:6)
  2 centaurs
  4 wolves (D:11)
  5 bullfrogs
  A gnoll sergeant (D:4)
  4 scorpions
  3 wights (D:7)
  An elephant simulacrum (IceCv)
  14 killer bees
  3 howler monkeys
  2 vampire bats (D:11)
  4 hounds
  3 jellies
  6 orc priests
  5 iguanas
  A sleepcap (D:6)
  8 orc wizards
  11 gnolls
  2 river rats (D:5)
  5 adders
  A shadow imp (D:7)
  2 white imps
  2 worms
  3 dart slugs
  45 orcs
  8 ball pythons
  12 bats
  8 endoplasms
  11 giant cockroaches
  7 goblins
  2 hobgoblins
  4 quokkas (Sewer)
  15 frilled lizards
  4 kobolds
  5 rats
243 creatures vanquished.

Notes
Turn   | Place    | Note
-------+----------+-------------------------------------------
     0 | D:1      | Goosegoat the Demonspawn Shapeshifter began the quest for
                  | the Orb.
     0 | D:1      | Reached XP level 1. HP: 15/15 MP: 1/1
   198 | D:1      | Discovered your monstrous ancestry.
   198 | D:1      | Gained mutation: You have sharp fingernails. [demonic
                  | ancestry]
   198 | D:1      | Reached XP level 2. HP: 17/21 MP: 2/2
   418 | D:1      | Reached skill level 3 in Unarmed Combat
  1609 | D:2      | Gained mutation: You have a small tail. [demonic ancestry]
  1609 | D:2      | Reached XP level 3. HP: 26/26 MP: 3/3
  1724 | D:3      | Reached skill level 1 in Armour
  1742 | D:3      | Reached XP level 4. HP: 33/33 MP: 4/4
  1935 | D:3      | Found a blossoming altar of Fedhas.
  2269 | D:4      | Noticed a scorpion
  2323 | D:4      | Found a staircase to the Ecumenical Temple.
  2341 | Temple   | Entered the Ecumenical Temple
  2432 | D:4      | Found a runed translucent gate.
  2432 | D:4      | Found a runed translucent gate.
  2432 | D:4      | Found a runed translucent gate.
  2434 | D:4      | Noticed Dorkslayer's ghost (amateur OgFi)
  2453 | D:4      | Found a sacrificial altar of Ru.
  2461 | D:4      | Gained mutation: You have a pair of small horns on your
                  | head. [demonic ancestry]
  2461 | D:4      | Reached XP level 5. HP: 38/38 MP: 5/5
  2547 | D:4      | Reached skill level 4 in Unarmed Combat
  2840 | D:4      | Gained mutation: A meltable shield of frost defends you.
                  | (SH +4) [demonic ancestry]
  2840 | D:4      | Reached XP level 6. HP: 36/46 MP: 6/6
  3386 | D:5      | Entered Level 5 of the Dungeon
  3568 | D:5      | Found a glowing drain.
  3572 | Sewer    | Entered a sewer
  4099 | D:5      | Reached skill level 5 in Unarmed Combat
  4099 | D:5      | Gained mutation: You have very sharp fingernails. [demonic
                  | ancestry]
  4099 | D:5      | Reached XP level 7. HP: 52/52 MP: 7/7
  5118 | D:5      | Found an ornate altar of the Wu Jian Council.
  5134 | D:5      | Identified 2 scrolls of acquirement
  5134 | D:5      | Acquired 875 gold pieces
  5135 | D:5      | Acquired 757 gold pieces
  5331 | D:6      | Reached skill level 6 in Unarmed Combat
  5331 | D:6      | Reached XP level 8. HP: 60/60 MP: 8/8
  6301 | D:7      | Reached skill level 5 in Fighting
  6394 | D:7      | Reached skill level 7 in Unarmed Combat
  6394 | D:7      | Reached skill level 5 in Shapeshifting
  6604 | D:7      | Reached XP level 9. HP: 68/68 MP: 9/9
  6627 | D:7      | Found a basalt altar of Yredelemnul.
  7129 | D:8      | Found an iron altar of Okawaru.
  7352 | D:8      | Reached skill level 5 in Armour
  7352 | D:8      | Reached skill level 8 in Unarmed Combat
  7775 | D:9      | Noticed a two-headed ogre
  7807 | D:8      | Became a worshipper of Warmaster Okawaru
  7839 | D:9      | Killed a two-headed ogre
  7839 | D:9      | Reached * piety under Okawaru
  8366 | D:9      | Noticed Jeremiah
  8468 | D:9      | Found Behitt's Armour Shop.
  8511 | D:9      | Reached XP level 10. HP: 41/77 MP: 10/10
  8809 | D:9      | Bought the +0 plate armour "Satoseece" {Will++ Str+4 Int-3}
                  | for 737 gold pieces
  8880 | D:9      | Killed Jeremiah
  8880 | D:9      | Reached ** piety under Okawaru
  8881 | D:9      | Reached skill level 9 in Unarmed Combat
  9024 | D:9      | Noticed Pikel
  9041 | D:9      | Killed Pikel
  9240 | D:9      | Reached *** piety under Okawaru
  9254 | D:10     | Entered Level 10 of the Dungeon
  9254 | D:10     | Found a burning altar of Makhleb.
  9453 | D:10     | Found a broken altar of Ashenzari.
  9456 | D:10     | Found a stormy altar of Qazlal.
  9469 | D:10     | Found a shimmering altar of Xom.
  9508 | D:10     | Found an opulent altar of Gozag.
  9532 | D:10     | Found a sparkling altar of Nemelex Xobeh.
  9533 | D:10     | Noticed a gargoyle
  9540 | D:10     | Killed a gargoyle
 10365 | D:11     | Reached skill level 10 in Unarmed Combat
 10505 | D:11     | Noticed Grum
 10514 | D:11     | Reached **** piety under Okawaru
 10521 | D:11     | Killed Grum
 10599 | D:11     | Noticed a two-headed ogre
 10612 | D:11     | Killed a two-headed ogre
 10613 | D:11     | Reached XP level 11. HP: 34/85 MP: 11/11
 10626 | D:11     | Found a frozen archway.
 10635 | D:11     | HP: 3/85 [rime drake (5)]
 10892 | IceCv    | Entered an ice cave
 11070 | IceCv    | Found a transporter.
 11074 | IceCv    | Noticed a white ugly thing
 11099 | IceCv    | Found a transporter.
 11106 | IceCv    | Killed from afar by an ice statue

Illustrated notes

Levels and vault maps discovered:
D:1:      lightli_arrival_maybe_door_vault, layout_loops_cross,
          roderic_roman_lattice
D:2:      layout_rooms, serial_co_window_serial, co_window_of_opportunity_a,
          co_window_corner_a, co_window_corner_a, co_window_paths_a,
          co_window_corner_a, co_window_broadway_a, co_window_corner_ca,
          co_window_corner_cb, co_window_corner_b, co_window_broadway_b,
          co_window_4corner_a, co_window_paths_e, glass_columns_c,
          glass_columns_c, glass_columns_c, glass_columns_a, glass_columns_a,
          chequers_serial_rivers_micro_c
D:3:      layout_basic, fedhas_altar_2, mainiacjoe_overflow_small_starburst
D:4:      layout_basic, overflow_temple_1_default,
          minmay_temple_entry_statues_fountains, gammafunk_ghost_necromancy,
          nrook_mini_vaults, minmay_surrounded
D:5:      layout_loops_ring, nicolae_wu_jian_immortal_techniques,
          gup_sewer_entry_bowl, hangedman_abyss_or_decor_passed,
          minmay_misc_feat_iff, minivault_26
D:6:      layout_loops_corners
D:7:      layout_cave_pools, mainiacjoe_overflow_24_doors
D:8:      layout_basic, mainiacjoe_overflow_concentric_impassable,
          minmay_misc_feat_roman
D:9:      layout_roguey [special_room_orc], serial_shops,
          nicolae_shop_tiny_glass, uniq_pikel, uniq_jeremiah
D:10:     minmay_klotski, layout_long_grid,
          nicolae_gozag_cash_rules_everything_around_me,
          grunt_temple_overflow_cloverleaf, mainiacjoe_overflow_catch_the_wave,
          minivault_24, dreamdust_princess_corridor,
          chequers_serial_rivers_micro_a, uniq_sonja
D:11:     layout_roguey, lair_entry_dummy, portal_ice_cave_rime,
          roderic_batcave, uniq_grum, uniq_gastronok
Temple:   nicolae_temple_cloud_nine
IceCv:    ice_cave_statue_garden_transporter

Skill      XL: |  1  2  3  4  5  6  7  8  9 10 11 |
---------------+----------------------------------+-----
Dodging        | 2 |  2.0
Unarmed Combat | 3 4 5 6 7 8 10 | 10.5
Shapeshifting  | 3 4 5 6 7 |  7.1
Armour         | 1 2 3 4 5 6 7 |  7.0
Fighting       | 2 3 4 5 6 7 |  7.9

Action                     |  1- 3 |  4- 6 |  7- 9 | 10-12 || total
---------------------------+-------+-------+-------+-------++-------
  Melee: Unarmed           |    77 |   132 |   178 |   137 ||   524
         Punch             |     1 |     2 |     6 |     8 ||    17
         Tailslap          |       |    14 |    23 |    19 ||    56
         Headbutt          |       |    15 |    22 |    35 ||    72
  Evoke: Wand              |       |       |       |     6 ||     6
    Use: Scroll            |       |     6 |     6 |       ||    12
         Potion            |       |       |       |     4 ||     4
 Armour: Ring mail         |    33 |       |       |       ||    33
         Animal skin       |     1 |       |       |       ||     1
         Leather armour    |     4 |    52 |    74 |     3 ||   133
         Chain mail        |       |       |       |    98 ||    98
  Dodge: Dodged            |    52 |   106 |   111 |    49 ||   318
  Block: Other             |       |    15 |    11 |    19 ||    45
   Form: Blade             |       |       |     1 |       ||     1
         Beast             |       |       |     1 |       ||     1

Table legend: (Time is in decaauts)
 A = Elapsed time spent in this place.
 B = Non-inter-level travel time spent in this place.
 C = Inter-level travel time spent in this place.
 D = Time resting spent in this place.
 E = Time spent auto-exploring this place.
 F = Levels seen in this place.
 G = Mean time per level.
                   A        B        C        D        E       F      G
               +--------+--------+--------+--------+--------+-----+--------+
         Total |  11145 |  10849 |    296 |     39 |   8363 |  14 |  796.1 |
       Dungeon |  10314 |  10018 |    296 |     39 |   7826 |  11 |  937.6 |
        Temple |     29 |     29 |      0 |      0 |      0 |   1 |   29.0 |
         Sewer |    585 |    585 |      0 |      0 |    381 |   1 |  585.0 |
      Ice Cave |    215 |    215 |      0 |      0 |    155 |   1 |  215.0 |
               +--------+--------+--------+--------+--------+-----+--------+

Top non-repeatable levels by time:
     D:8: 1273 daAuts
     D:4: 1242 daAuts
     D:5: 1187 daAuts
     D:9: 1141 daAuts
    D:10: 1042 daAuts
     D:2: 924 daAuts
     D:6: 914 daAuts
     D:1: 725 daAuts
     D:3: 661 daAuts
     D:7: 619 daAuts
   Sewer: 585 daAuts
    D:11: 582 daAuts
   IceCv: 215 daAuts
  Temple: 29 daAuts
